 Dungeon Crawl Stone Soup version 0.31-a0-1612-g4aaf141 (webtiles) character file.

Game seed: 7750397468505988136

567 PidgeyThePirate the Chopper (level 7, -2/55 HPs)
             Began as a Demonspawn Chaos Knight on Jan 8, 2024.
             Was a Plaything of Xom.
             Slain by Prince Ribbit (13 damage)
             ... on level 5 of the Dungeon.
             The game lasted 00:08:47 (3363 turns).

PidgeyThePirate the Chopper (DsCK)                  Turns: 3363, Time: 00:08:49

Health: -2/55      AC: 10    Str: 13    XL:     7   Next: 11%
Magic:  7/7        EV: 12    Int: 11    God:    Xom [.....*]
Gold:   242        SH:  0    Dex: 17    Spells: 6/6 levels left

rFire   . . .        a - +0 hand axe (chaos)
rCold   + . .        (no shield)
rNeg    . . .        b - +2 leather armour
rPois   .            (no helmet)
rElec   .            g - +1 cloak
rCorr   .            (no gloves)
SInv    .            w - +0 pair of boots
Will    .....        (no amulet)
Stlth   +++          k - ring of flight
HPRegen 0.29/turn    j - ring of protection from cold
MPRegen 0.10/turn

%: clarity
@: cleaving, flying
A: claws 2, demonic guardian 1, foul stench 2, iridescent scales 1, camouflage
1, agile 1, clarity
a: Renounce Religion


You were on level 5 of the Dungeon.
You worshipped Xom.
You were Xom's teddy bear.
You visited 1 branch of the dungeon, and saw 5 of its levels.

You collected 242 gold pieces.

Inventory:

Hand Weapons
 a - a +0 hand axe of chaos (weapon)
Missiles
 o - 3 javelins (quivered)
Armour
 b - a +2 leather armour (worn)
 g - a +1 cloak (worn)
 w - a +0 pair of boots (worn)
Jewellery
 h - a ring of positive energy
 j - a ring of protection from cold (right claw)
 k - a ring of flight (left claw)
 v - a ring of poison resistance
Scrolls
 c - a scroll of butterflies
 d - a scroll of blinking {unknown}
 e - 2 scrolls of teleportation {unknown}
 i - 2 scrolls of vulnerability {unknown}
 l - a scroll of enchant weapon {unknown}
 m - a scroll of revelation {unknown}
 p - 3 scrolls of poison {unknown}
 q - a scroll of fear {unknown}
Potions
 f - a potion of magic {unknown}
 n - 2 potions of curing {unknown}
 r - a potion of resistance {unknown}
 s - a potion of lignification {unknown}
 t - a potion of brilliance {unknown}
 u - a potion of enlightenment {unknown}
 x - a potion of cancellation {unknown}
 z - a potion of degeneration {unknown}
 A - a potion of invisibility {unknown}
 B - a potion of berserk rage {unknown}


   Skills:
 + Level 4.3 Fighting
 * Level 5.9 Axes
 + Level 2.9 Armour
 + Level 2.1 Dodging
 + Level 0.7 Stealth


You had 6 spell levels left.
You didn't know any spells.
Your spell library contained the following spells:

 Spells                   Type           Power      Damage    Failure   Level
 Magic Dart               Conj           0%         1d3       41%         1
 Blink                    Tloc           0%         N/A       56%         2
 Call Imp                 Summ           0%         N/A       56%         2


Dungeon Overview and Level Annotations

Branches:
Dungeon (5/15)             Temple (0/1) D:4

Altars:

Shops:
D:3 :

Annotations:
D:5 Prince Ribbit


Innate Abilities, Weirdness & Mutations

You have very sharp fingernails.
A weak demonic guardian rushes to your aid.
You sometimes emit foul miasma when damaged in melee.
You are partially covered in iridescent scales. (AC +2)
Your skin changes colour to match your surroundings (Stealth+).
You are agile. (Dex +4, Str/Int -1)
You possess an exceptional clarity of mind.


Message History

Prince Ribbit is nearby!
Prince Ribbit croaks.
You hear an angry hiss.
Prince Ribbit blinks!
Prince Ribbit hops awkwardly around.
An iguana comes into view.
You barely miss Prince Ribbit.
Prince Ribbit blinks!
Prince Ribbit sighs, "It's not easy being green!" "Go forth and cause havoc, mortal!"
Your +0 hand axe of chaos looks sharp (like it always does).
Prince Ribbit blinks!
The iguana hisses angrily.
Prince Ribbit blinks!
Xom grants you insight.
You feel aware of your surroundings.
You sensed 6 altars.
The iguana bites you but does no damage.
You hit the iguana. You burn the iguana.
The iguana is heavily wounded.
Prince Ribbit blinks!
The iguana barely misses you.
You hit the iguana. Lightning courses through the iguana!
You kill the iguana!
You hit Prince Ribbit but do no damage.
Prince Ribbit hits you but does no damage.
You barely miss Prince Ribbit. Prince Ribbit hits you! Prince Ribbit hits you.
You hit Prince Ribbit.
Prince Ribbit flies into a frenzy!
Prince Ribbit is lightly wounded.
Prince Ribbit hits you! Prince Ribbit closely misses you.
You miss Prince Ribbit.
Prince Ribbit is lightly wounded.
Prince Ribbit barely misses you. Prince Ribbit hits you!
You slash Prince Ribbit!
Prince Ribbit appears confused.
Prince Ribbit is moderately wounded.
Prince Ribbit completely misses you.
You hit Prince Ribbit.
Lightning courses through Prince Ribbit!
Prince Ribbit is heavily wounded.
Prince Ribbit hits you!
* * * LOW HITPOINT WARNING * * *
Prince Ribbit closely misses himself.
Prince Ribbit hits you!
You die... "This toy is broken."

##########*********** *****
#........,,,,,,,,,,,******
,,,,* #.......####*### **,
,,,,, ***,* #.......F@.###.#
*,*,***, * *,*
#......###....<# *,*,* *,
***,* #......+,#######***,*,
** ,,,,***#......*,,,,, ,, ,,
*,*
,,,,,,,.......,>,,,,,*,*,***,*
**,,** ####.#.,,,***,*,*,,,,,*
,, ,**** #.#.*,,* *,*,*******
** ***,,,,* #.#.*,,*
*,*,,,,,,,,,,, * ****,****
*,*,,* * ,,**********


You could see the neutral Prince Ribbit (fast, strong, frenzied, confused).

Vanquished Creatures
  A water moccasin (D:4)
  A scorpion (D:4)
  2 hounds (D:4)
  An orc priest (D:4)
  3 iguanas
  3 gnolls (D:4)
  5 adders
  A dart slug (D:2)
  6 orcs
  3 ball pythons
  6 endoplasms
  3 giant cockroaches
  5 goblins
  3 hobgoblins
  8 jackals
  11 kobolds
  3 quokkas
  3 bats
  3 frilled lizards
  A rat (D:2)
72 creatures vanquished.

Vanquished Creatures (collateral kills)
  An ogre (D:4)
  A ribbon worm (D:4)
  An orc (D:3)
  A goblin (D:1)
  A hobgoblin (D:4)
  A jackal (D:1)
  A frilled lizard (D:1)
7 creatures vanquished.

Vanquished Creatures (others)
  A bat zombie (D:1)
1 creature vanquished.

Grand Total: 80 creatures vanquished

Notes
Turn   | Place    | Note
-------+----------+-------------------------------------------
     0 | D:1      | PidgeyThePirate the Demonspawn Chaos Knight began the quest
                  | for the Orb.
     0 | D:1      | Reached XP level 1. HP: 18/18 MP: 1/1
   120 | D:1      | XOM: smoke on damage
   121 | D:1      | a frilled lizard changed into an iguana
   121 | D:1      | Noticed an iguana
   125 | D:1      | XOM: potion effect (heal wounds)
   132 | D:1      | Killed an iguana
   133 | D:1      | Reached skill level 3 in Axes
   133 | D:1      | Reached skill level 1 in Dodging
   133 | D:1      | Gained mutation: A weak demonic guardian rushes to your
                  | aid. [demonic ancestry]
   133 | D:1      | Reached XP level 2. HP: 13/24 MP: 2/2
   133 | D:1      | Gained mutation: You may rarely emit foul miasma when
                  | damaged in melee. [demonic ancestry]
   133 | D:1      | Reached XP level 3. HP: 16/29 MP: 3/3
   253 | D:1      | XOM: silly message
   295 | D:1      | XOM: confuse monster(s)
   748 | D:2      | XOM: divination: detect items
   926 | D:2      | XOM: 4-stop teleportation journey
  1101 | D:2      | Reached XP level 4. HP: 37/37 MP: 4/4
  1788 | D:3      | XOM: scenery: summon butterflies
  1848 | D:3      | XOM: give mutations
  1848 | D:3      | Gained mutation: Your skin changes colour to match your
                  | surroundings (Stealth+). [Xom's grace]
  1848 | D:3      | Gained mutation: You possess an exceptional clarity of
                  | mind. [Xom's grace]
  1848 | D:3      | Gained mutation: You are agile. (Dex +4, Str/Int -1) [Xom's
                  | grace]
  1848 | D:3      | Gained mutation: You are partially covered in iridescent
                  | scales. (AC +2) [Xom's grace]
  1935 | D:3      | Reached skill level 4 in Axes
  1981 | D:3      | XOM: noise
  2011 | D:3      | Found Ineonudu's Book Emporium.
  2226 | D:4      | Found a staircase to the Ecumenical Temple.
  2226 | D:4      | XOM: 1-stop teleportation journey
  2386 | D:4      | Discovered your monstrous ancestry.
  2386 | D:4      | Gained mutation: You have sharp fingernails. [demonic
                  | ancestry]
  2386 | D:4      | Reached XP level 5. HP: 40/42 MP: 5/5
  2520 | D:4      | Noticed a water moccasin
  2526 | D:4      | XOM: cleaving
  2538 | D:4      | Killed a water moccasin
  2539 | D:4      | Gained mutation: You have very sharp fingernails. [demonic
                  | ancestry]
  2539 | D:4      | Reached XP level 6. HP: 18/48 MP: 6/6
  2606 | D:4      | Reached skill level 5 in Axes
  2865 | D:4      | XOM: scenery: 1 doors open, 1 doors close
  2880 | D:4      | XOM: scenery: 1 doors open, 1 doors close
  3222 | D:4      | XOM: enchant monster (good)
  3260 | D:4      | Gained mutation: You sometimes emit foul miasma when
                  | damaged in melee. [demonic ancestry]
  3260 | D:4      | Reached XP level 7. HP: 55/55 MP: 7/7
  3337 | D:5      | Entered Level 5 of the Dungeon
  3339 | D:5      | Noticed Prince Ribbit
  3349 | D:5      | XOM: cleaving
  3352 | D:5      | XOM: divination: magic mapping
  3363 | D:5      | Slain by Prince Ribbit

Illustrated notes

Levels and vault maps discovered:
D:1:      eino_arrival_water_star, layout_loops_ring, minmay_misc_feat_plants
D:2:      layout_basic, minmay_strange_pillars
D:3:      layout_loops_ring, serial_shops, nicolae_shop_pleasant_corner_grove
D:4:      layout_basic, minmay_temple_entry_statues_fountains, serial_glass,
          glass_columns_b, glass_columns_c, glass_columns_b, glass_columns_a,
          glass_columns_a, glass_columns_a, glass_columns_a, glass_columns_b,
          glass_columns_b, glass_columns_c, glass_columns_a, glass_columns_a,
          glass_columns_b, glass_columns_b
D:5:      layout_basic, grunt_temple_overflow_open, fedhas_altar_2,
          st_stairs_14, nicolae_fountain_basement, uniq_prince_ribbit1,
          uniq_eustachio

Skill      XL: |  1  2  3  4  5  6 |
---------------+-------------------+-----
Armour         | 2 |  2.9
Axes           | 3 4 5 |  5.9
Dodging        | 1 2 |  2.1
Fighting       | 4 |  4.3
Stealth        | |  0.7

Action                     |  1- 3 |  4- 6 |  7- 9 || total
---------------------------+-------+-------+-------++-------
  Melee: Hand axe          |    82 |   157 |     9 ||   248
   Stab: Sleeping          |       |     2 |       ||     2
 Armour: Leather armour    |    64 |   105 |     8 ||   177
  Dodge: Dodged            |    58 |   124 |     4 ||   186

Table legend: (Time is in decaauts)
 A = Elapsed time spent in this place.
 B = Non-inter-level travel time spent in this place.
 C = Inter-level travel time spent in this place.
 D = Time resting spent in this place.
 E = Time spent auto-exploring this place.
 F = Levels seen in this place.
 G = Mean time per level.
                   A        B        C        D        E       F      G
               +--------+--------+--------+--------+--------+-----+--------+
         Total |   3386 |   3316 |     70 |      0 |   2527 |   5 |  677.2 |
       Dungeon |   3386 |   3316 |     70 |      0 |   2527 |   5 |  677.2 |
               +--------+--------+--------+--------+--------+-----+--------+

Top non-repeatable levels by time:
     D:4: 1119 daAuts
     D:2: 765 daAuts
     D:1: 748 daAuts
     D:3: 727 daAuts
     D:5: 25 daAuts
